 Dungeon Crawl Stone Soup version 0.28.0-43-g3370ac3207 (webtiles) character file.

Game seed: 4290806194825751100

2258 sanboga the Chopper (level 9, 0/56 HPs)
             Began as a Gargoyle Fighter on Mar 3, 2022.
             Was an Initiate of Trog.
             Slain by Maggie
             ... wielding a +0 halberd of draining
              (13 damage)
             ... on level 6 of the Dungeon.
             The game lasted 00:10:07 (7150 turns).

sanboga the Chopper (Gargoyle Fighter)              Turns: 7150, Time: 00:10:07

Health: 0/56       AC: 12    Str: 30    XL:     9   Next: 38%
Magic:  9/9        EV:  9    Int:  9    God:    Trog [......]
Gold:   246        SH:  6    Dex: 15    Spells: 8/8 levels left

rFire   . . .      SeeInvis .   a - +1 war axe (chaos)
rCold   . . .      Faith    .   c - +0 buckler
rNeg    + . .      Spirit   .   b - +0 scale mail
rPois   ∞          Reflect  .   n - +0 helmet
rElec   +          Harm     .   (no cloak)
rCorr   .          Rampage  .   x - +2 pair of gloves
Will    .....                   w - +0 pair of boots
Stlth   ..........              (no amulet)
HPRegen 0.18/turn               h - +6 ring of strength
MPRegen 0.11/turn               o - +6 ring of dexterity

@: corroded, hasted, very quick
A: sickness immunity, AC +6, negative energy resistance 1, electricity
resistance, torment resistance 1, petrification resistance
a: Renounce Religion


You were on level 6 of the Dungeon.
You worshipped Trog.
Trog was noncommittal.
You visited 2 branches of the dungeon, and saw 7 of its levels.
You also visited: Ossuary.

You collected 285 gold pieces.
You spent 39 gold pieces at shops.

Inventory:

Hand Weapons
 a - a +1 war axe of chaos (weapon)
 y - a +1 hand axe of electrocution
Armour
 b - a +0 scale mail (worn)
 c - a +0 buckler (worn)
 n - a +0 helmet (worn)
 w - a +0 pair of boots (worn)
 x - a +2 pair of gloves (worn)
Jewellery
 h - a +6 ring of strength (left hand)
 o - a +6 ring of dexterity (right hand)
Wands
 C - a wand of iceblast (8)
Scrolls
 i - 3 scrolls of enchant weapon
 j - 3 scrolls of fog
 l - a scroll of enchant armour
 s - 5 scrolls of teleportation
 z - a scroll of brand weapon
Potions
 d - a potion of heal wounds {unknown}
 e - a potion of lignification {unknown}
 f - 2 potions of haste
 g - a potion of mutation
 k - a potion of curing
 m - a potion of degeneration {unknown}
 p - a potion of berserk rage {unknown}
 q - a potion of might
 r - 4 potions of brilliance {unknown}
 t - a potion of attraction {unknown}
 A - 2 potions of flight {unknown}


   Skills:
 + Level 6.8 Fighting
 * Level 7.3 Axes
 + Level 6.8 Armour
 + Level 6.8 Shields


You had 8 spell levels left.
You didn't know any spells.
Your spell library contained the following spells:

 Spells                   Type           Power      Damage    Failure   Level
 Slow                     Hex            0%         N/A       69%         1
 Confusing Touch          Hex            0%         N/A       96%         3
 Vampiric Draining        Necr           0%         2d6       96%         3


Dungeon Overview and Level Annotations

Branches:
Dungeon (6/15)             Temple (1/1) D:6         Ossuary (visited)

Altars:
Ashenzari
Cheibriados
Dithmenos
Elyvilon
Fedhas
Gozag
Hepliaklqana
Kikubaaqudgha
Makhleb
Nemelex Xobeh
Okawaru
Qazlal
Ru
Sif Muna
Trog
Vehumet
Wu Jian
Xom
Yredelemnul
Zin
The Shining One

Shops:
D:2 :   D:5 =[=!

Annotations:
D:6 exclusion: door, Maggie


Innate Abilities, Weirdness & Mutations

You are immune to sickness and miasma.
Your stone body is resilient. (AC +6)
You are immune to poison.
You resist negative energy. (rN+)
You are resistant to electric shocks. (rElec)
You are resistant to unholy torment.
You are immune to petrification.


Message History

You kill the water moccasin!
Trog accepts your kill.
No target in view!
No target in view!
No target in view!
Maggie the Vainglorious comes into view.
She is wielding a +0 halberd of draining and carrying a wand of acid (12).
Maggie shouts!
Maggie is nearby!
Maggie gestures at you while chanting. The bolt of fire hits you.
Maggie zaps a wand.
The bolt of acid hits you. The acid corrodes you!
Maggie hits you but does no damage.
You hit Maggie.
Maggie is lightly wounded.
You block Maggie's attack.
You barely miss Maggie.
Maggie is lightly wounded.
You block Maggie's attack.
You barely miss Maggie.
Maggie is lightly wounded.
Maggie misses you. Maggie hits you but does no damage.
You hit Maggie but do no damage.
Maggie is lightly wounded.
Maggie zaps a wand.
The bolt of acid hits you! The acid corrodes you!
You hit Maggie.
Maggie is lightly wounded.
Maggie hits you with a +0 halberd of draining.
You barely miss Maggie.
Maggie is lightly wounded.
Maggie hits you with a +0 halberd of draining!
You feel yourself speed up. You block Maggie's attack.
You slash Maggie! You freeze Maggie.
Maggie is moderately wounded.
Maggie gestures at you while chanting. The bolt of fire hits you!
* * * LOW HITPOINT WARNING * * *
You slash Maggie!
Maggie's magic leaks into the air.
Maggie is heavily wounded.
Maggie hits you with a +0 halberd of draining!
You die...

##.# ##.# ######### .#.# ####
##.......# .#.## #... #........#
....# #... #....<...# ....#
######...####........#
....####....#.....##.......†#
.......#....#..@..+.........#
.......#....# #.@.#.........#####
.......#....# #.............'....
.......#....# #.....#.....[.####.
...###......###.............# #.
...# #.............##....##.# #.
...# #.............##....##.# #.
...# #..†........#...[...##.# #.
...# #...................##.# #.
######.....#####......#####+####.


You could see Maggie (magic disrupted).

Vanquished Creatures
  Grinder (D:6)
  A water moccasin (D:6)
  2 ogres (D:5)
  2 ice beasts
  2 sky beasts (D:6)
  A centaur (D:5)
  A phantom (D:6)
  A bullfrog (D:6)
  3 scorpions
  A centaur zombie (D:6)
  3 hounds
  3 human zombies (Ossuary)
  3 jellies (D:6)
  A bullfrog skeleton (D:6)
  2 orc priests
  Jessica (D:2)
  A gnoll shaman (D:6)
  3 iguanas
  4 orc wizards
  A killer bee zombie (D:6)
  2 hound zombies
  4 mummies (Ossuary)
  A hound skeleton (D:4)
  Robin (D:2)
  2 howler monkey zombies
  5 adders
  A gnoll (D:6)
  A shadow imp (D:6)
  A white imp (D:6)
  An adder skeleton (D:4)
  2 adder zombies
  A worm (D:3)
  4 dart slugs
  13 orcs
  5 bats
  4 endoplasms
  A giant cockroach (D:3)
  2 gnoll zombies
  10 goblins
  9 hobgoblins
  5 quokkas
  3 ball pythons
  2 frilled lizards
  A goblin zombie (Ossuary)
  2 hobgoblin zombies
  2 jackal zombies (Ossuary)
  5 kobolds
  A kobold zombie (Ossuary)
  A rat (D:1)
  2 rat zombies
131 creatures vanquished.

Notes
Turn   | Place    | Note
-------+----------+-------------------------------------------
     0 | D:1      | sanboga the Gargoyle Fighter began the quest for the Orb.
     0 | D:1      | Reached XP level 1. HP: 14/14 MP: 1/1
   181 | D:1      | Reached skill level 2 in Axes
   408 | D:1      | Reached XP level 2. HP: 19/19 MP: 2/2
   444 | D:1      | Found a faded altar of an unknown god.
   892 | D:2      | Noticed Jessica
   897 | D:2      | Killed Jessica
   898 | D:2      | Reached XP level 3. HP: 9/24 MP: 3/3
  1432 | D:2      | Noticed Robin
  1443 | D:2      | Killed Robin
  1444 | D:2      | Reached XP level 4. HP: 28/29 MP: 4/4
  1866 | D:2      | Found Plog's Book Shop.
  1877 | D:2      | Reached skill level 3 in Axes
  2710 | D:3      | Reached XP level 5. HP: 33/33 MP: 5/5
  3288 | D:4      | Noticed an ice beast
  3302 | D:4      | Killed an ice beast
  3303 | D:4      | Reached XP level 6. HP: 24/39 MP: 6/6
  3480 | D:4      | Reached skill level 4 in Axes
  3773 | D:5      | Entered Level 5 of the Dungeon
  3964 | D:5      | Found Lodagaqa's Distillery.
  3966 | D:5      | Found Fesy's Jewellery Emporium.
  3966 | D:5      | Found Zyjatsas's Jewellery Shop.
  3968 | D:5      | Found Egabag's Armour Boutique.
  3988 | D:5      | Bought a potion of curing for 39 gold pieces
  3996 | D:5      | Reached XP level 7. HP: 28/44 MP: 7/7
  4463 | D:5      | Reached skill level 5 in Fighting
  4859 | D:5      | Reached skill level 5 in Armour
  4859 | D:5      | Reached skill level 5 in Shields
  4861 | D:5      | Reached skill level 5 in Axes
  5287 | D:5      | Reached XP level 8. HP: 49/49 MP: 8/8
  5346 | D:6      | Found a sand-covered staircase.
  5363 | Ossuary  | Entered an ossuary
  5706 | D:6      | Reached skill level 6 in Axes
  5720 | D:6      | Found a staircase to the Ecumenical Temple.
  5732 | Temple   | Entered the Ecumenical Temple
  6039 | Temple   | Became a worshipper of Trog the Wrathful
  6114 | D:6      | Noticed Grinder
  6124 | D:6      | Paralysed by something for 4 turns
  6133 | D:6      | Paralysed by something for 6 turns
  6141 | D:6      | Killed Grinder
  6573 | D:6      | Reached XP level 9. HP: 50/56 MP: 9/9
  6628 | D:6      | Reached skill level 7 in Axes
  6804 | D:6      | Noticed a boulder beetle
  6805 | D:6      | Noticed a manticore
  7138 | D:6      | Noticed Maggie
  7150 | D:6      | Slain by Maggie

Illustrated notes

Levels and vault maps discovered:
D:1:      lordsloth_arrival_two_stooges, layout_basic,
          dreamdust_ecumenical_altar_grove, serial_bayou_crossing
D:2:      layout_loops_corners, serial_shops, shop, uniq_jessica, uniq_robin
D:3:      layout_basic
D:4:      layout_loops_ring
D:5:      layout_cave_pods, nicolae_wooded_promenade
D:6:      kennysheep_windowed_halls, layout_basic, temple_hall, enter_ossuary_3,
          uniq_maggie, uniq_grinder
Temple:   mainiacjoe_temple_circle_huts

Skill      XL: |  1  2  3  4  5  6  7  8  9 |
---------------+----------------------------+-----
Axes           | 2 3 4 5 6 7 |  7.3
Fighting       | 4 5 6 |  6.8
Shields        | 4 5 6 |  6.8
Armour         | 4 5 6 |  6.8

Action                   |  1- 3 |  4- 6 |  7- 9 || total
-------------------------+-------+-------+-------++-------
Melee: War axe           |    61 |   127 |   116 ||   304
       Hand axe          |       |       |    62 ||    62
Evoke: Wand              |       |       |     1 ||     1
  Use: Scroll            |     2 |     3 |     8 ||    13
       Potion            |       |       |     8 ||     8
 Stab: Distracted        |     1 |       |       ||     1
Armor: Scale mail        |    46 |    74 |   113 ||   233
Dodge: Dodged            |    28 |    54 |    68 ||   150
Block: Buckler           |    11 |    37 |    48 ||    96
